[ PARTIDA AOE2 · #475075040 ]
UnrankedDrávidas vs Armenians
[ ANÁLISIS DE REPETICIÓN · EXTRAÍDO DE LA PARTIDA GRABADA ]
Feudal
13:35
Castillos
20:55
Imperial
—
| APM promedio | 41.7 |
| APM pico | 176 |
| eAPM promedio | 17.9 |
| Aldeanos / militares | 45 / 15 |
Foco
⚔️ 33.5% · 🌾 66.5%
Unknown (2626) ×11 · Fishing Ship ×10 · Urumi Swordsman ×7 · Galley ×5 · Armored Elephant ×3
Feudal
13:53
Castillos
18:04
Imperial
—
| APM promedio | 41.7 |
| APM pico | 70 |
| eAPM promedio | 21.4 |
| Aldeanos / militares | 56 / 23 |
Foco
⚔️ 31.3% · 🌾 68.7%
Galley ×18 · Unknown (2626) ×16 · Fishing Ship ×10 · Fire Galley ×5
Feudal
12:02
Castillos
19:22
Imperial
—
| APM promedio | 61.0 |
| APM pico | 87 |
| eAPM promedio | 26.9 |
| Aldeanos / militares | 68 / 17 |
Foco
⚔️ 38.0% · 🌾 62.0%
Unknown (2626) ×23 · Fire Galley ×15 · Fishing Ship ×8 · Mangonel ×2
Feudal
13:33
Castillos
21:04
Imperial
—
| APM promedio | 30.0 |
| APM pico | 53 |
| eAPM promedio | 16.0 |
| Aldeanos / militares | 66 / 8 |
Foco
⚔️ 38.7% · 🌾 61.3%
Unknown (2626) ×22 · Fishing Ship ×17 · Fire Galley ×6 · Monk ×2 · Trade Cart ×2
Feudal
16:35
Castillos
21:19
Imperial
—
| APM promedio | 24.8 |
| APM pico | 47 |
| eAPM promedio | 11.8 |
| Aldeanos / militares | 45 / 10 |
Foco
⚔️ 23.7% · 🌾 76.3%
Fishing Ship ×9 · Obuch ×5 · Knight ×5
Feudal
14:53
Castillos
19:34
Imperial
—
| APM promedio | 42.8 |
| APM pico | 100 |
| eAPM promedio | 19.1 |
| Aldeanos / militares | 62 / 22 |
Foco
⚔️ 21.8% · 🌾 78.2%
Gbeto ×20 · Fishing Ship ×9 · Mangonel ×1 · Battering Ram ×1
Mapa de la partida
Recursos iniciales + cada clic de construcción. Líneas = muros · curvas = relieve. ◆ oro · ⬟ piedra · ● bayas · ✦ reliquia · ◌ hueco del cierre
Tu base· Abierta — flanco sin cerrar
Base de catastrophe· Abierta — flanco sin cerrar
Base de Rhetta Invicta· Abierta — flanco sin cerrar
Base de mikoo· Abierta — hueco de 14t
Base de Chaboi· Abierta — flanco sin cerrar
Base de 自有大儒为我辩经· Abierta — flanco sin cerrar
Terreno inicial suavizado · ◌ = hueco del cierre detectado · pasá el cursor para detalles
Inputs por minuto
— King of Bants - - catastrophe
Build order — King of Bants
124 acciones detectadas en el replay
| 0:13 | Construir | Town Center |
| 0:35 | Construir | Dock |
| 1:35 | Construir | Palisade Wall |
| 1:37 | Construir | Palisade Wall |
| 1:57 | Construir | Palisade Wall |
| 2:00 | Construir | Palisade Wall |
| 2:42 | Construir | Palisade Wall |
| 2:45 | Crear | Villager (Male) |
| 2:45 | Crear | Villager (Male) |
| 2:45 | Crear | Villager (Male) |
| 2:46 | Crear | Villager (Male) |
| 3:32 | Investigar | Loom |
| 3:34 | Crear | Villager (Male) |
| 3:34 | Crear | Villager (Male) |
| 3:47 | Construir | House |
| 4:02 | Construir | House |
| 4:14 | Crear | Villager (Male) |
| 4:14 | Crear | Villager (Male) |
| 4:59 | Crear | Fishing Ship |
| 4:59 | Crear | Fishing Ship |
| 5:06 | Crear | Villager (Male) |
| 5:40 | Crear | Villager (Male) |
| 6:13 | Crear | Villager (Male) |
| 6:27 | Construir | House |
| 6:44 | Crear | Villager (Male) |
| 6:45 | Crear | Fishing Ship |
| 6:45 | Crear | Fishing Ship |
| 7:10 | Crear | Villager (Male) |
| 7:16 | Crear | Fishing Ship |
| 7:17 | Crear | Fishing Ship |
| 7:27 | Crear | Villager (Male) |
| 7:43 | Construir | House |
| 8:02 | Crear | Villager (Male) |
| 8:07 | Crear | Fishing Ship |
| 8:30 | Crear | Villager (Male) |
| 8:33 | Crear | Fishing Ship |
| 8:34 | Crear | Fishing Ship |
| 8:47 | Crear | Villager (Male) |
| 8:47 | Crear | Villager (Male) |
| 8:48 | Crear | Villager (Male) |
| 8:51 | Crear | Fishing Ship |
| 9:26 | Crear | Villager (Male) |
| 9:35 | Construir | House |
| 9:45 | Crear | Villager (Male) |
| 9:47 | Construir | Lumber Camp |
| 10:29 | Construir | Mill |
| 10:30 | Crear | Villager (Male) |
| 10:39 | Construir | Palisade Wall |
| 10:41 | Construir | Palisade Wall |
| 10:48 | Crear | Villager (Male) |
| 11:16 | Investigar | Feudal Age |
| 11:42 | Construir | Mining Camp |
| 11:50 | Construir | House |
| 12:15 | Construir | Dock |
| 13:21 | Crear | Villager (Male) |
| 13:22 | Crear | Villager (Male) |
| 13:35 | Edad | Edad Feudal |
| 13:36 | Crear | Unit 2626 |
| 13:37 | Crear | Unit 2626 |
| 13:54 | Crear | Unit 2626 |
| 14:04 | Construir | Palisade Wall |
| 14:05 | Construir | Palisade Wall |
| 14:33 | Crear | Unit 2626 |
| 14:33 | Crear | Unit 2626 |
| 14:34 | Crear | Villager (Male) |
| 14:34 | Crear | Villager (Male) |
| 14:35 | Crear | Villager (Male) |
| 14:49 | Crear | Villager (Male) |
| 14:49 | Crear | Villager (Male) |
| 15:03 | Crear | Unit 2626 ×2 |
| 15:11 | Crear | Villager (Male) |
| 15:22 | Crear | Unit 2626 |
| 15:22 | Crear | Unit 2626 |
| 15:24 | Crear | Villager (Male) |
| 15:24 | Crear | Villager (Male) |
| 15:54 | Construir | House |
| 15:55 | Construir | House |
| 16:18 | Crear | Villager (Male) |
| 16:25 | Construir | Blacksmith |
| 16:28 | Construir | Market |
| 17:36 | Crear | Unit 2626 |
| 17:36 | Crear | Unit 2626 |
| 18:06 | Investigar | Castle Age |
| 18:37 | Construir | Mining Camp |
| 18:55 | Crear | Galley ×5 |
| 19:03 | Investigar | Fletching |
| 19:25 | Investigar | Double-Bit Axe |
| 20:13 | Construir | House |
| 20:15 | Construir | House |
| 20:41 | Crear | Villager (Male) |
| 20:42 | Crear | Villager (Male) |
| 20:55 | Edad | Edad de los Castillos |
| 21:18 | Construir | Castle |
| 21:20 | Crear | Villager (Male) |
| 21:20 | Crear | Villager (Male) |
| 21:26 | Construir | House |
| 21:27 | Construir | House |
| 22:05 | Investigar | War Galley (upgrade) |
| 22:24 | Investigar | Bodkin Arrow |
| 22:26 | Construir | Siege Workshop |
| 22:41 | Crear | Urumi Swordsman |
| 22:41 | Crear | Urumi Swordsman |
| 22:41 | Crear | Urumi Swordsman |
| 22:41 | Crear | Urumi Swordsman |
| 23:11 | Crear | Villager (Male) |
| 23:38 | Crear | Armored Elephant |
| 23:44 | Construir | Farm |
| 23:45 | Construir | Farm |
| 23:48 | Construir | Farm |
| 23:49 | Construir | Farm |
| 23:54 | Construir | Farm |
| 24:12 | Crear | Armored Elephant |
| 24:12 | Crear | Armored Elephant |
| 24:17 | Construir | Farm |
| 24:19 | Construir | Farm |
| 24:48 | Crear | Urumi Swordsman |
| 24:49 | Crear | Urumi Swordsman |
| 24:49 | Crear | Urumi Swordsman |
| 25:29 | Crear | Villager (Male) |
| 25:52 | Crear | Villager (Male) |
| 26:09 | Crear | Villager (Male) |
| 26:10 | Crear | Villager (Male) |
| 26:43 | Crear | Villager (Male) |
| 26:43 | Crear | Villager (Male) |
Build order — catastrophe
Primeras 150 de 169 acciones detectadas
| 0:36 | Construir | Town Center |
| 1:40 | Construir | Dock |
| 1:42 | Construir | House |
| 2:43 | Crear | Villager (Male) |
| 2:44 | Crear | Villager (Male) |
| 2:44 | Crear | Villager (Male) |
| 2:44 | Crear | Villager (Male) |
| 3:57 | Crear | Fishing Ship |
| 4:19 | Investigar | Loom |
| 4:39 | Construir | House |
| 4:47 | Crear | Villager (Male) |
| 5:17 | Crear | Villager (Male) |
| 5:19 | Crear | Fishing Ship |
| 5:43 | Crear | Villager (Male) |
| 6:04 | Crear | Fishing Ship |
| 6:08 | Crear | Villager (Male) |
| 6:21 | Construir | House |
| 6:39 | Crear | Villager (Male) |
| 6:59 | Crear | Villager (Male) |
| 7:00 | Crear | Fishing Ship |
| 7:21 | Crear | Villager (Male) |
| 7:35 | Crear | Fishing Ship |
| 7:46 | Construir | House |
| 7:48 | Crear | Villager (Male) |
| 8:09 | Crear | Fishing Ship |
| 8:12 | Construir | House |
| 8:18 | Crear | Villager (Male) |
| 8:26 | Crear | Villager (Male) |
| 8:55 | Crear | Fishing Ship |
| 8:55 | Crear | Villager (Male) |
| 9:06 | Construir | House |
| 9:29 | Crear | Fishing Ship |
| 9:30 | Construir | House |
| 9:31 | Crear | Villager (Male) |
| 10:01 | Crear | Villager (Male) |
| 10:16 | Crear | Fishing Ship |
| 10:19 | Crear | Villager (Male) |
| 10:23 | Construir | Mule Cart |
| 10:51 | Crear | Villager (Male) |
| 10:54 | Crear | Fishing Ship |
| 11:09 | Construir | House |
| 11:18 | Crear | Villager (Male) |
| 11:41 | Investigar | Feudal Age |
| 11:54 | Construir | Mule Cart |
| 12:21 | Construir | Dock |
| 13:04 | Construir | Mill |
| 13:52 | Crear | Villager (Male) |
| 13:53 | Edad | Edad Feudal |
| 13:59 | Construir | Market |
| 14:01 | Construir | Blacksmith |
| 14:04 | Investigar | Double-Bit Axe |
| 14:06 | Crear | Villager (Male) |
| 14:12 | Crear | Galley |
| 14:33 | Crear | Villager (Male) |
| 14:36 | Crear | Galley |
| 15:19 | Crear | Galley |
| 15:24 | Investigar | Castle Age |
| 15:24 | Investigar | Castle Age |
| 15:28 | Construir | House |
| 15:43 | Crear | Galley |
| 15:50 | Construir | House |
| 15:51 | Construir | House |
| 16:02 | Investigar | Gold Mining |
| 16:07 | Crear | Galley |
| 16:19 | Investigar | Tech 906 |
| 16:46 | Crear | Unit 2626 |
| 16:48 | Crear | Galley |
| 16:53 | Investigar | Fletching |
| 16:54 | Crear | Villager (Male) |
| 17:11 | Crear | Unit 2626 |
| 17:28 | Crear | Villager (Male) |
| 17:33 | Crear | Unit 2626 |
| 17:51 | Crear | Unit 2626 |
| 17:55 | Crear | Galley |
| 17:58 | Crear | Villager (Male) |
| 18:04 | Edad | Edad de los Castillos |
| 18:15 | Investigar | War Galley (upgrade) |
| 18:24 | Construir | House |
| 18:48 | Investigar | Bow Saw |
| 18:55 | Crear | Fire Galley |
| 19:04 | Investigar | Gold Shaft Mining |
| 19:25 | Crear | Fire Galley |
| 19:26 | Crear | Fire Galley |
| 20:00 | Crear | Villager (Male) |
| 20:02 | Crear | Fire Galley |
| 20:02 | Crear | Fire Galley |
| 20:08 | Investigar | Bodkin Arrow |
| 20:09 | Crear | Villager (Male) |
| 20:11 | Construir | House |
| 20:26 | Crear | Unit 2626 |
| 20:26 | Crear | Unit 2626 |
| 20:50 | Crear | Villager (Male) |
| 20:55 | Crear | Unit 2626 |
| 20:56 | Crear | Unit 2626 |
| 21:08 | Crear | Villager (Male) |
| 21:18 | Crear | Unit 2626 |
| 21:18 | Crear | Unit 2626 |
| 21:28 | Crear | Villager (Male) |
| 21:30 | Construir | House |
| 21:39 | Crear | Galley |
| 21:39 | Crear | Galley |
| 21:54 | Construir | House |
| 22:05 | Construir | Monastery |
| 22:06 | Crear | Villager (Male) |
| 22:10 | Crear | Galley |
| 22:10 | Crear | Galley |
| 22:10 | Crear | Villager (Male) |
| 22:13 | Construir | House |
| 22:25 | Construir | Mule Cart |
| 22:32 | Crear | Villager (Male) |
| 22:40 | Crear | Galley |
| 22:43 | Construir | House |
| 22:49 | Investigar | Town Watch |
| 22:49 | Investigar | Town Watch |
| 22:54 | Investigar | Wheelbarrow |
| 23:00 | Crear | Villager (Male) |
| 23:04 | Crear | Galley |
| 23:05 | Crear | Galley |
| 23:13 | Crear | Villager (Male) |
| 23:24 | Crear | Galley |
| 23:24 | Crear | Galley |
| 23:35 | Crear | Villager (Male) |
| 23:50 | Construir | Town Center |
| 23:51 | Crear | Villager (Male) |
| 23:57 | Crear | Unit 2626 |
| 23:58 | Crear | Unit 2626 |
| 24:27 | Crear | Villager (Male) |
| 24:32 | Crear | Villager (Male) |
| 24:40 | Construir | Town Center |
| 24:45 | Crear | Unit 2626 |
| 24:46 | Crear | Unit 2626 |
| 25:13 | Crear | Villager (Male) |
| 25:23 | Investigar | Forging |
| 25:23 | Crear | Villager (Male) |
| 25:32 | Crear | Galley |
| 25:32 | Crear | Galley |
| 25:33 | Crear | Unit 2626 |
| 25:33 | Crear | Unit 2626 |
| 25:37 | Crear | Villager (Male) |
| 25:51 | Construir | Town Center |
| 25:51 | Crear | Villager (Male) |
| 26:03 | Crear | Villager (Male) |
| 26:05 | Crear | Villager (Male) |
| 26:22 | Crear | Villager (Male) |
| 26:29 | Construir | Dock |
| 26:33 | Investigar | Gillnets |
| 26:33 | Crear | Villager (Male) |
| 26:34 | Crear | Villager (Male) |
| 26:39 | Investigar | Horse Collar |
| 26:45 | Construir | Farm |
Build order — Rhetta Invicta
Primeras 150 de 180 acciones detectadas
| 0:23 | Construir | Town Center |
| 1:37 | Construir | Dock |
| 2:33 | Crear | Villager (Male) |
| 2:33 | Crear | Villager (Male) |
| 2:33 | Crear | Villager (Male) |
| 2:34 | Crear | Villager (Male) |
| 3:11 | Crear | Fishing Ship |
| 3:47 | Construir | House |
| 4:07 | Investigar | Loom |
| 4:12 | Crear | Villager (Male) |
| 4:13 | Investigar | Loom |
| 5:02 | Crear | Villager (Male) |
| 5:03 | Crear | Villager (Male) |
| 5:06 | Crear | Fishing Ship |
| 5:12 | Construir | House |
| 5:24 | Crear | Villager (Male) |
| 5:51 | Crear | Villager (Male) |
| 6:04 | Crear | Villager (Male) |
| 6:08 | Crear | Fishing Ship |
| 6:36 | Crear | Villager (Male) |
| 6:37 | Crear | Villager (Male) |
| 6:40 | Crear | Villager (Male) |
| 6:56 | Crear | Villager (Male) |
| 7:10 | Crear | Villager (Male) |
| 7:34 | Crear | Fishing Ship |
| 7:36 | Crear | Villager (Male) |
| 7:40 | Construir | House |
| 8:19 | Construir | House |
| 8:27 | Crear | Villager (Male) |
| 9:03 | Construir | Mining Camp |
| 9:07 | Crear | Villager (Male) |
| 9:23 | Construir | Mill |
| 9:24 | Crear | Villager (Male) |
| 9:33 | Crear | Fishing Ship |
| 10:01 | Crear | Villager (Male) |
| 10:44 | Investigar | Feudal Age |
| 11:38 | Construir | House |
| 11:44 | Crear | Fishing Ship |
| 11:52 | Construir | Dock |
| 11:53 | Construir | House |
| 12:02 | Edad | Edad Feudal |
| 12:03 | Crear | Villager (Male) |
| 12:05 | Crear | Unit 2626 |
| 12:08 | Crear | Villager (Male) |
| 12:09 | Crear | Villager (Male) |
| 12:27 | Construir | Lumber Camp |
| 12:32 | Crear | Villager (Male) |
| 12:33 | Crear | Villager (Male) |
| 12:34 | Crear | Unit 2626 |
| 12:48 | Construir | House |
| 12:52 | Crear | Villager (Male) |
| 13:00 | Crear | Villager (Male) |
| 13:10 | Construir | House |
| 13:11 | Investigar | Double-Bit Axe |
| 13:12 | Crear | Villager (Male) |
| 13:18 | Crear | Villager (Male) |
| 13:30 | Crear | Unit 2626 |
| 13:32 | Crear | Unit 2626 |
| 14:01 | Crear | Villager (Male) |
| 14:11 | Construir | Market |
| 14:17 | Construir | House |
| 14:19 | Construir | House |
| 14:21 | Crear | Villager (Male) |
| 14:26 | Crear | Villager (Male) |
| 14:32 | Crear | Unit 2626 |
| 14:32 | Crear | Unit 2626 |
| 14:35 | Crear | Unit 2626 |
| 14:38 | Crear | Fire Galley |
| 14:40 | Crear | Villager (Male) |
| 14:53 | Crear | Unit 2626 |
| 14:55 | Crear | Fire Galley |
| 14:57 | Crear | Villager (Male) |
| 15:02 | Crear | Villager (Male) |
| 15:02 | Crear | Villager (Male) |
| 15:34 | Crear | Villager (Male) |
| 15:44 | Construir | Blacksmith |
| 15:47 | Construir | House |
| 15:53 | Crear | Fishing Ship |
| 15:54 | Crear | Fishing Ship |
| 16:47 | Crear | Villager (Male) |
| 16:50 | Construir | Blacksmith |
| 16:55 | Construir | House |
| 16:59 | Construir | House |
| 17:05 | Construir | Barracks |
| 17:11 | Construir | House |
| 17:23 | Crear | Fire Galley |
| 17:23 | Crear | Fire Galley |
| 17:46 | Investigar | Castle Age |
| 17:46 | Investigar | Castle Age |
| 18:18 | Crear | Fire Galley |
| 18:18 | Crear | Fire Galley |
| 18:36 | Construir | House |
| 18:50 | Construir | Palisade Gate |
| 18:51 | Construir | House |
| 19:03 | Construir | Lumber Camp |
| 19:07 | Crear | Unit 2626 |
| 19:07 | Crear | Unit 2626 |
| 19:20 | Construir | House |
| 19:22 | Edad | Edad de los Castillos |
| 19:28 | Investigar | War Galley (upgrade) |
| 19:40 | Crear | Unit 2626 |
| 19:40 | Crear | Unit 2626 |
| 19:42 | Crear | Villager (Male) |
| 19:44 | Investigar | Town Watch |
| 20:01 | Crear | Unit 2626 |
| 20:01 | Crear | Unit 2626 |
| 20:09 | Crear | Villager (Male) |
| 20:14 | Crear | Villager (Male) |
| 20:26 | Crear | Unit 2626 |
| 20:27 | Crear | Fire Galley |
| 20:27 | Crear | Fire Galley |
| 20:54 | Crear | Fire Galley |
| 20:54 | Crear | Fire Galley |
| 20:58 | Crear | Villager (Male) |
| 21:04 | Construir | Dock |
| 21:06 | Crear | Villager (Male) |
| 21:35 | Crear | Fire Galley |
| 21:50 | Crear | Fire Galley |
| 21:52 | Crear | Unit 2626 |
| 21:52 | Crear | Unit 2626 |
| 21:56 | Construir | House |
| 21:57 | Construir | House |
| 21:57 | Construir | House |
| 21:59 | Crear | Villager (Male) |
| 22:08 | Crear | Villager (Male) |
| 22:12 | Construir | Farm |
| 22:13 | Construir | Farm |
| 22:14 | Construir | Farm |
| 22:27 | Crear | Unit 2626 |
| 22:35 | Construir | Farm |
| 22:35 | Construir | Farm |
| 22:36 | Crear | Villager (Male) |
| 22:39 | Construir | Farm |
| 22:40 | Crear | Villager (Male) |
| 22:41 | Crear | Villager (Male) |
| 22:52 | Crear | Fire Galley |
| 22:53 | Crear | Unit 2626 |
| 22:54 | Crear | Unit 2626 |
| 22:59 | Crear | Unit 2626 |
| 23:22 | Construir | Farm |
| 23:24 | Construir | Farm |
| 23:27 | Construir | Farm |
| 23:29 | Crear | Villager (Male) |
| 23:40 | Crear | Unit 2626 |
| 23:40 | Crear | Unit 2626 |
| 23:43 | Crear | Villager (Male) |
| 23:48 | Construir | Dock |
| 24:17 | Construir | Siege Workshop |
| 24:18 | Construir | House |
| 24:21 | Crear | Villager (Male) |
Build order — mikoo
Primeras 150 de 167 acciones detectadas
| 0:04 | Construir | Town Center |
| 1:11 | Construir | Dock |
| 1:13 | Construir | House |
| 2:26 | Crear | Villager (Male) ×4 |
| 3:31 | Crear | Fishing Ship |
| 4:09 | Investigar | Loom |
| 4:28 | Crear | Fishing Ship |
| 4:41 | Crear | Villager (Male) |
| 4:41 | Crear | Villager (Male) |
| 4:50 | Construir | House |
| 5:04 | Crear | Villager (Male) |
| 5:05 | Crear | Villager (Male) |
| 5:31 | Crear | Villager (Male) |
| 5:31 | Crear | Villager (Male) |
| 5:45 | Crear | Fishing Ship |
| 5:54 | Crear | Villager (Male) |
| 6:21 | Crear | Villager (Male) |
| 6:26 | Construir | House |
| 6:43 | Crear | Fishing Ship |
| 7:01 | Crear | Villager (Male) |
| 7:15 | Crear | Villager (Male) |
| 7:18 | Crear | Fishing Ship |
| 7:18 | Crear | Fishing Ship |
| 7:40 | Crear | Villager (Male) |
| 7:43 | Construir | House |
| 7:55 | Crear | Villager (Male) |
| 8:11 | Crear | Villager (Male) |
| 8:14 | Crear | Fishing Ship |
| 8:34 | Crear | Fishing Ship |
| 8:35 | Crear | Villager (Male) |
| 8:35 | Crear | Villager (Male) |
| 9:02 | Construir | House |
| 9:27 | Crear | Villager (Male) |
| 9:30 | Crear | Fishing Ship |
| 9:52 | Construir | Mill |
| 9:57 | Crear | Villager (Male) |
| 10:00 | Construir | House |
| 10:21 | Construir | Palisade Wall |
| 10:23 | Construir | Palisade Wall |
| 10:28 | Crear | Villager (Male) |
| 10:58 | Crear | Villager (Male) |
| 11:20 | Investigar | Feudal Age |
| 11:33 | Construir | Dock |
| 11:47 | Construir | Mining Camp |
| 12:23 | Crear | Villager (Male) |
| 12:24 | Crear | Villager (Male) |
| 12:59 | Crear | Fishing Ship |
| 13:10 | Construir | Dock |
| 13:33 | Edad | Edad Feudal |
| 13:35 | Crear | Fire Galley |
| 13:36 | Crear | Unit 2626 |
| 13:44 | Crear | Villager (Male) |
| 13:51 | Construir | Lumber Camp |
| 14:01 | Crear | Unit 2626 |
| 14:04 | Crear | Villager (Male) |
| 14:09 | Construir | House |
| 14:21 | Construir | House |
| 14:41 | Crear | Unit 2626 |
| 14:41 | Crear | Unit 2626 |
| 14:41 | Crear | Unit 2626 |
| 14:42 | Crear | Villager (Male) |
| 14:49 | Investigar | Double-Bit Axe |
| 15:11 | Crear | Villager (Male) |
| 15:26 | Crear | Unit 2626 |
| 15:39 | Crear | Villager (Male) |
| 16:09 | Crear | Unit 2626 |
| 16:10 | Crear | Unit 2626 |
| 16:10 | Crear | Unit 2626 |
| 16:49 | Construir | Market |
| 16:53 | Investigar | Town Watch |
| 16:56 | Construir | House |
| 16:56 | Construir | House |
| 16:57 | Construir | House |
| 16:57 | Construir | House |
| 17:23 | Crear | Villager (Male) |
| 17:27 | Construir | Blacksmith |
| 17:28 | Crear | Villager (Male) |
| 17:48 | Crear | Unit 2626 |
| 17:48 | Crear | Unit 2626 |
| 18:14 | Construir | House |
| 18:16 | Crear | Trade Cart |
| 18:16 | Crear | Trade Cart |
| 18:24 | Investigar | Castle Age |
| 18:41 | Construir | House |
| 18:42 | Construir | House |
| 18:44 | Construir | House |
| 18:46 | Construir | House |
| 18:59 | Crear | Unit 2626 ×3 |
| 19:01 | Crear | Villager (Male) |
| 19:12 | Crear | Unit 2626 |
| 19:16 | Crear | Villager (Male) |
| 19:16 | Crear | Villager (Male) |
| 19:30 | Crear | Unit 2626 |
| 20:36 | Construir | House |
| 20:38 | Construir | House |
| 20:49 | Construir | House |
| 21:04 | Edad | Edad de los Castillos |
| 21:13 | Construir | Monastery |
| 21:15 | Construir | House |
| 21:18 | Investigar | War Galley (upgrade) |
| 21:19 | Crear | Villager (Male) |
| 21:27 | Construir | Town Center |
| 21:37 | Investigar | Bow Saw |
| 21:44 | Crear | Fire Galley |
| 21:44 | Crear | Fire Galley |
| 21:46 | Crear | Villager (Male) |
| 21:54 | Crear | Villager (Male) |
| 22:26 | Crear | Unit 2626 ×2 |
| 22:27 | Crear | Villager (Male) |
| 22:38 | Crear | Unit 2626 |
| 23:00 | Crear | Villager (Male) |
| 23:20 | Crear | Villager (Male) |
| 23:25 | Construir | Town Center |
| 23:30 | Crear | Monk |
| 23:39 | Crear | Villager (Male) |
| 23:47 | Crear | Fire Galley |
| 23:47 | Crear | Unit 2626 |
| 23:49 | Crear | Villager (Male) |
| 23:49 | Crear | Villager (Male) |
| 23:55 | Construir | Farm |
| 24:07 | Crear | Unit 2626 |
| 24:07 | Crear | Unit 2626 |
| 24:07 | Crear | Fire Galley |
| 24:08 | Crear | Fire Galley |
| 24:41 | Crear | Villager (Male) |
| 24:41 | Crear | Villager (Male) |
| 24:42 | Crear | Villager (Male) |
| 24:42 | Crear | Villager (Male) |
| 24:43 | Crear | Monk |
| 24:47 | Crear | Villager (Male) |
| 24:48 | Crear | Villager (Male) |
| 24:52 | Construir | Farm |
| 24:53 | Construir | Farm |
| 24:53 | Construir | Farm |
| 24:53 | Construir | Farm |
| 24:53 | Construir | Farm |
| 24:54 | Construir | Farm |
| 24:54 | Construir | Farm |
| 25:02 | Investigar | Tech 906 |
| 25:27 | Crear | Villager (Male) |
| 25:27 | Crear | Villager (Male) |
| 25:30 | Construir | Farm |
| 25:32 | Construir | Mill |
| 25:34 | Crear | Villager (Male) |
| 25:34 | Crear | Villager (Male) |
| 25:49 | Construir | House |
| 25:53 | Crear | Villager (Male) |
| 25:53 | Crear | Villager (Male) |
| 25:53 | Crear | Villager (Male) |
| 26:08 | Construir | Town Center |
Build order — Chaboi
114 acciones detectadas en el replay
| 0:22 | Construir | Dock |
| 1:27 | Construir | Town Center |
| 3:27 | Crear | Villager (Male) |
| 3:28 | Crear | Villager (Male) |
| 3:28 | Crear | Villager (Male) |
| 3:28 | Crear | Villager (Male) |
| 3:29 | Crear | Villager (Male) |
| 5:06 | Crear | Villager (Male) |
| 5:06 | Crear | Villager (Male) |
| 5:40 | Crear | Fishing Ship |
| 5:55 | Investigar | Loom |
| 6:03 | Construir | House |
| 6:28 | Crear | Fishing Ship |
| 6:28 | Crear | Fishing Ship |
| 6:30 | Crear | Villager (Male) |
| 6:50 | Crear | Villager (Male) |
| 6:51 | Crear | Villager (Male) |
| 7:08 | Construir | House |
| 7:27 | Crear | Villager (Male) |
| 7:27 | Crear | Villager (Male) |
| 7:32 | Crear | Fishing Ship |
| 7:35 | Crear | Villager (Male) |
| 7:35 | Crear | Villager (Male) |
| 7:46 | Construir | Palisade Wall |
| 7:51 | Crear | Villager (Male) |
| 8:06 | Construir | Palisade Wall |
| 8:13 | Crear | Villager (Male) |
| 8:45 | Crear | Villager (Male) |
| 9:12 | Crear | Villager (Male) |
| 9:34 | Crear | Villager (Male) |
| 10:02 | Construir | House |
| 10:16 | Crear | Villager (Male) |
| 11:05 | Crear | Villager (Male) |
| 11:21 | Crear | Fishing Ship |
| 11:21 | Crear | Fishing Ship |
| 11:21 | Crear | Fishing Ship |
| 11:22 | Crear | Fishing Ship |
| 11:22 | Crear | Fishing Ship |
| 11:35 | Construir | Barracks |
| 11:49 | Construir | Mill |
| 12:31 | Crear | Villager (Male) |
| 12:43 | Construir | Palisade Wall |
| 12:55 | Construir | Palisade Wall |
| 12:58 | Crear | Villager (Male) |
| 13:09 | Construir | Mining Camp |
| 13:25 | Crear | Villager (Male) |
| 14:25 | Investigar | Feudal Age |
| 15:05 | Construir | Palisade Wall |
| 15:06 | Construir | Palisade Wall |
| 15:07 | Construir | Palisade Wall |
| 16:06 | Construir | Mining Camp |
| 16:32 | Crear | Villager (Male) |
| 16:32 | Crear | Villager (Male) |
| 16:32 | Crear | Villager (Male) |
| 16:35 | Edad | Edad Feudal |
| 16:41 | Construir | Stable |
| 16:49 | Crear | Villager (Male) |
| 17:39 | Construir | Blacksmith |
| 18:00 | Investigar | Town Watch |
| 18:08 | Construir | House |
| 18:08 | Construir | House |
| 18:39 | Investigar | Castle Age |
| 18:39 | Investigar | Castle Age |
| 19:06 | Construir | Lumber Camp |
| 19:59 | Investigar | Double-Bit Axe |
| 21:02 | Construir | Market |
| 21:07 | Crear | Villager (Male) |
| 21:07 | Crear | Villager (Male) |
| 21:08 | Crear | Villager (Male) |
| 21:19 | Edad | Edad de los Castillos |
| 21:22 | Crear | Villager (Male) |
| 21:54 | Construir | Castle |
| 22:03 | Crear | Villager (Male) |
| 22:20 | Construir | Stone Wall |
| 22:30 | Construir | Stone Wall |
| 22:32 | Crear | Villager (Male) |
| 22:33 | Crear | Villager (Male) |
| 22:55 | Construir | Stone Wall |
| 23:02 | Crear | Villager (Male) |
| 23:23 | Crear | Obuch |
| 23:23 | Crear | Obuch |
| 23:23 | Crear | Obuch |
| 23:23 | Crear | Obuch |
| 23:24 | Crear | Obuch |
| 23:33 | Crear | Villager (Male) |
| 23:50 | Construir | Mill |
| 24:18 | Investigar | Horse Collar |
| 24:18 | Investigar | Horse Collar |
| 24:39 | Investigar | Bow Saw |
| 24:44 | Crear | Villager (Male) |
| 24:56 | Investigar | Heavy Plow |
| 25:05 | Construir | Stable |
| 25:23 | Crear | Villager (Male) |
| 25:28 | Construir | Farm |
| 25:30 | Construir | Farm |
| 25:31 | Construir | Farm |
| 25:32 | Construir | Farm |
| 25:33 | Crear | Villager (Male) |
| 25:35 | Construir | Farm |
| 25:43 | Investigar | Bloodlines |
| 25:50 | Investigar | Scale Barding Armor |
| 25:50 | Investigar | Scale Barding Armor |
| 25:58 | Construir | Stone Wall |
| 26:06 | Investigar | Forging |
| 26:11 | Crear | Knight ×2 |
| 26:11 | Crear | Knight ×2 |
| 26:15 | Crear | Knight |
| 26:36 | Crear | Villager (Male) ×2 |
| 26:50 | Crear | Villager (Male) |
| 26:59 | Crear | Villager (Male) |
| 27:06 | Construir | Farm |
| 27:08 | Construir | Farm |
| 27:15 | Construir | Mill |
| 27:18 | Crear | Villager (Male) |
Build order — 自有大儒为我辩经
Primeras 150 de 153 acciones detectadas
| 0:11 | Construir | Town Center |
| 1:24 | Construir | House |
| 2:13 | Construir | Dock |
| 2:44 | Crear | Villager (Male) |
| 2:44 | Crear | Villager (Male) |
| 2:45 | Crear | Villager (Male) |
| 2:45 | Crear | Villager (Male) |
| 2:45 | Crear | Villager (Male) |
| 3:29 | Construir | House |
| 4:11 | Crear | Fishing Ship |
| 4:58 | Investigar | Loom |
| 5:14 | Crear | Villager (Male) |
| 5:14 | Crear | Villager (Male) |
| 5:43 | Crear | Fishing Ship |
| 5:56 | Crear | Villager (Male) |
| 6:20 | Crear | Fishing Ship |
| 6:33 | Crear | Villager (Male) |
| 6:49 | Crear | Villager (Male) |
| 6:49 | Crear | Villager (Male) |
| 7:12 | Crear | Villager (Male) |
| 7:13 | Crear | Villager (Male) |
| 7:14 | Construir | House |
| 7:26 | Crear | Fishing Ship |
| 7:48 | Crear | Villager (Male) |
| 7:49 | Crear | Villager (Male) |
| 7:56 | Crear | Villager (Male) |
| 7:56 | Crear | Villager (Male) |
| 7:57 | Crear | Villager (Male) |
| 8:15 | Crear | Villager (Male) |
| 8:36 | Construir | House |
| 8:46 | Construir | Palisade Wall |
| 8:54 | Construir | House |
| 8:55 | Crear | Fishing Ship |
| 8:55 | Crear | Fishing Ship |
| 9:00 | Construir | Palisade Wall |
| 9:03 | Construir | Palisade Wall |
| 9:28 | Crear | Fishing Ship |
| 9:30 | Crear | Villager (Male) |
| 9:31 | Crear | Villager (Male) |
| 9:49 | Construir | Palisade Wall |
| 9:55 | Construir | Palisade Wall |
| 10:18 | Construir | House |
| 10:37 | Crear | Villager (Male) |
| 10:37 | Crear | Villager (Male) |
| 10:51 | Construir | Palisade Wall |
| 11:12 | Crear | Villager (Male) |
| 11:12 | Crear | Villager (Male) |
| 11:43 | Crear | Villager (Male) |
| 11:56 | Construir | Mill |
| 12:14 | Crear | Villager (Male) |
| 12:19 | Crear | Fishing Ship |
| 12:38 | Construir | Mining Camp |
| 12:39 | Investigar | Feudal Age |
| 12:54 | Crear | Villager (Male) |
| 12:54 | Crear | Villager (Male) |
| 13:13 | Construir | House |
| 13:29 | Construir | Dock |
| 14:53 | Edad | Edad Feudal |
| 15:02 | Construir | Market |
| 15:08 | Construir | Blacksmith |
| 15:39 | Construir | House |
| 15:46 | Crear | Fishing Ship |
| 15:55 | Construir | House |
| 16:42 | Construir | Palisade Wall |
| 16:54 | Investigar | Castle Age |
| 16:55 | Investigar | Castle Age |
| 17:09 | Construir | Outpost |
| 17:19 | Construir | Palisade Wall |
| 17:21 | Construir | Palisade Wall |
| 17:25 | Construir | Palisade Wall |
| 17:36 | Investigar | Tech 906 |
| 17:56 | Construir | Outpost |
| 18:03 | Construir | Palisade Wall |
| 18:06 | Construir | Palisade Wall |
| 19:33 | Construir | Outpost |
| 19:34 | Edad | Edad de los Castillos |
| 19:36 | Crear | Villager (Male) |
| 19:37 | Crear | Villager (Male) |
| 19:37 | Crear | Villager (Male) |
| 19:39 | Crear | Villager (Male) |
| 20:21 | Construir | Castle |
| 20:29 | Crear | Villager (Male) |
| 20:29 | Crear | Villager (Male) |
| 20:29 | Crear | Villager (Male) |
| 21:03 | Construir | Town Center |
| 21:05 | Crear | Villager (Male) |
| 21:06 | Crear | Villager (Male) |
| 21:06 | Crear | Villager (Male) |
| 21:16 | Crear | Gbeto |
| 21:16 | Crear | Gbeto |
| 21:24 | Crear | Gbeto |
| 21:25 | Crear | Gbeto |
| 21:25 | Crear | Gbeto |
| 22:05 | Crear | Villager (Male) |
| 22:05 | Crear | Villager (Male) |
| 22:05 | Crear | Villager (Male) |
| 22:06 | Crear | Villager (Male) |
| 22:17 | Construir | Farm |
| 22:19 | Construir | Farm |
| 22:20 | Construir | Farm |
| 22:31 | Crear | Villager (Male) |
| 22:31 | Crear | Villager (Male) |
| 22:48 | Crear | Gbeto |
| 22:48 | Crear | Gbeto |
| 22:53 | Construir | Farm |
| 23:05 | Crear | Villager (Male) |
| 23:11 | Construir | House |
| 23:12 | Construir | House |
| 23:20 | Construir | Siege Workshop |
| 23:32 | Crear | Gbeto |
| 23:32 | Crear | Gbeto |
| 23:39 | Crear | Villager (Male) |
| 23:40 | Crear | Villager (Male) |
| 23:40 | Crear | Villager (Male) |
| 23:55 | Crear | Gbeto |
| 23:55 | Crear | Gbeto |
| 24:04 | Crear | Villager (Male) |
| 24:17 | Construir | Farm |
| 24:19 | Construir | Farm |
| 24:25 | Crear | Gbeto |
| 24:25 | Crear | Gbeto |
| 24:29 | Construir | Farm |
| 24:59 | Crear | Villager (Male) |
| 24:59 | Crear | Villager (Male) |
| 25:05 | Crear | Battering Ram |
| 25:11 | Crear | Villager (Male) |
| 25:11 | Crear | Villager (Male) |
| 25:16 | Construir | Farm |
| 25:17 | Construir | Farm |
| 25:17 | Construir | Farm |
| 25:17 | Construir | Farm |
| 25:18 | Construir | Farm |
| 25:18 | Construir | Farm |
| 25:26 | Crear | Gbeto |
| 25:26 | Crear | Gbeto |
| 25:48 | Crear | Villager (Male) |
| 25:49 | Crear | Villager (Male) |
| 25:54 | Crear | Villager (Male) |
| 26:24 | Crear | Mangonel |
| 26:41 | Crear | Gbeto |
| 26:41 | Crear | Gbeto |
| 26:54 | Construir | House |
| 26:55 | Construir | House |
| 26:56 | Construir | House |
| 27:00 | Crear | Villager (Male) |
| 27:00 | Crear | Villager (Male) |
| 27:00 | Crear | Villager (Male) |
| 27:11 | Crear | Villager (Male) |
| 27:11 | Crear | Villager (Male) |
| 27:21 | Construir | Farm |
Cronología de la partida
| 0:22 | Chaboi · first_building Dock |
| 0:35 | King of Bants · first_building Dock |
| 1:11 | mikoo · first_building Dock |
| 1:35 | King of Bants · wall_segment Palisade Wall x1 |
| 1:37 | Rhetta Invicta · first_building Dock |
| 1:37 | King of Bants · wall_segment Palisade Wall x1 |
| 1:40 | catastrophe · first_building Dock |
| 1:57 | King of Bants · wall_segment Palisade Wall x1 |
| 2:00 | King of Bants · wall_segment Palisade Wall x1 |
| 2:13 | 自有大儒为我辩经 · first_building Dock |
| 2:42 | King of Bants · wall_segment Palisade Wall x1 |
| 7:46 | Chaboi · wall_segment Palisade Wall x10 |
| 8:06 | Chaboi · wall_segment Palisade Wall x7 |
| 8:46 | 自有大儒为我辩经 · wall_segment Palisade Wall x1 |
| 9:00 | 自有大儒为我辩经 · wall_segment Palisade Wall x1 |
| 9:03 | 自有大儒为我辩经 · wall_segment Palisade Wall x1 |
| 9:49 | 自有大儒为我辩经 · wall_segment Palisade Wall x1 |
| 9:55 | 自有大儒为我辩经 · wall_segment Palisade Wall x1 |
| 10:21 | mikoo · wall_segment Palisade Wall x1 |
| 10:23 | mikoo · wall_segment Palisade Wall x1 |
| 10:39 | King of Bants · wall_segment Palisade Wall x1 |
| 10:41 | King of Bants · wall_segment Palisade Wall x1 |
| 10:51 | 自有大儒为我辩经 · wall_segment Palisade Wall x3 |
| 11:35 | Chaboi · first_building Barracks |
| 12:02 | Rhetta Invicta · age_up feudal |
| 12:43 | Chaboi · wall_segment Palisade Wall x8 |
| 12:55 | Chaboi · wall_segment Palisade Wall x9 |
| 13:33 | mikoo · age_up feudal |
| 13:35 | King of Bants · age_up feudal |
| 13:53 | catastrophe · age_up feudal |
| 14:04 | King of Bants · wall_segment Palisade Wall x1 |
| 14:05 | King of Bants · wall_segment Palisade Wall x1 |
| 14:53 | 自有大儒为我辩经 · age_up feudal |
| 15:05 | Chaboi · wall_segment Palisade Wall x1 |
| 15:06 | Chaboi · wall_segment Palisade Wall x1 |
| 15:07 | Chaboi · wall_segment Palisade Wall x1 |
| 16:02 | 自有大儒为我辩经 · first_market_sell 100 stone |
| 16:04 | 自有大儒为我辩经 · first_market_buy 100 food |
| 16:35 | Chaboi · age_up feudal |
| 16:41 | Chaboi · first_building Stable |
| 16:42 | 自有大儒为我辩经 · wall_segment Palisade Wall x3 |
| 17:05 | Rhetta Invicta · first_building Barracks |
| 17:19 | 自有大儒为我辩经 · wall_segment Palisade Wall x8 |
| 17:21 | 自有大儒为我辩经 · wall_segment Palisade Wall x3 |
| 17:25 | 自有大儒为我辩经 · wall_segment Palisade Wall x3 |
| 18:03 | 自有大儒为我辩经 · wall_segment Palisade Wall x1 |
| 18:04 | catastrophe · age_up castle |
| 18:06 | 自有大儒为我辩经 · wall_segment Palisade Wall x1 |
| 19:22 | Rhetta Invicta · age_up castle |
| 19:34 | 自有大儒为我辩经 · age_up castle |
| 20:21 | 自有大儒为我辩经 · first_building Castle |
| 20:55 | King of Bants · age_up castle |
| 21:04 | mikoo · age_up castle |
| 21:13 | mikoo · first_building Monastery |
| 21:18 | King of Bants · first_building Castle |
| 21:19 | Chaboi · age_up castle |
| 21:48 | Chaboi · first_market_buy 100 stone |
| 21:54 | Chaboi · first_building Castle |
| 22:01 | catastrophe · first_market_buy 100 wood |
| 22:05 | catastrophe · first_building Monastery |
| 22:20 | Chaboi · wall_segment Stone Wall x10 |
| 22:26 | King of Bants · first_building Siege Workshop |
| 22:30 | Chaboi · wall_segment Stone Wall x5 |
| 22:55 | Chaboi · wall_segment Stone Wall x3 |
| 23:20 | 自有大儒为我辩经 · first_building Siege Workshop |
| 24:17 | Rhetta Invicta · first_building Siege Workshop |
| 25:58 | Chaboi · wall_segment Stone Wall x10 |
| 26:00 | mikoo · first_market_buy 100 wood |
| 27:24 | Chaboi · resign |
[ ANÁLISIS IA · 1 CRÉDITO ]
¿Qué pasó realmente en esta partida?
Wolo.gg analiza cada decisión: build order, eco, micro, errores típicos por bracket. Análisis personalizado por WhatsApp o Discord en 30 segundos.
Guía civ
Drávidas
Perfil
Jugador #340481